 Dungeon Crawl Stone Soup version 0.29-a0-757-g358383bc75 (webtiles) character file.

Game seed: 16398374192535490501

2 freelancePsychic the Caller (level 1, 0/14 HPs)
             Began as a Draconian Summoner on June 30, 2022.
             Succumbed to a kobold's poison
             ... on level 1 of the Dungeon.
             The game lasted 00:00:57 (77 turns).

freelancePsychic the Caller (Draconian Summoner)      Turns: 77, Time: 00:00:57

Health: 0/14       AC:  4    Str: 10    XL:     1   Next: 25%
Magic:  2/3        EV: 12    Int: 15    God:
Gold:   7          SH:  0    Dex: 11    Spells: 3/4 levels left

rFire   . . .      SeeInvis .   (no weapon)
rCold   . . .      Faith    .   (no shield)
rNeg    . . .      Spirit   .   (body armour unavailable)
rPois   .          Reflect  .   (helmet restricted)
rElec   .          Harm     .   (no cloak)
rCorr   .          Rampage  .   (no gloves)
Will    .....                   (no boots)
Stlth   ++........              (no amulet)
HPRegen 0.04/turn               (no ring)
MPRegen 0.08/turn               (no ring)

@: lethally poisoned (0 -> -17)
A: AC +4, unfitting armour, cold-blooded
a: no special abilities


You were on level 1 of the Dungeon.
You visited 1 branch of the dungeon, and saw 1 of its levels.

You collected 7 gold pieces.

You aren't carrying anything.


   Skills:
 - Level 1.7 Dodging
 - Level 1.7 Stealth
 + Level 2.0 Spellcasting
 * Level 4.0 Summonings


You had 3 spell levels left.
You knew the following spells:

 Your Spells              Type           Power      Damage    Failure   Level
a - Summon Small Mammal   Summ           52%        N/A       4%          1

Your spell library contained the following spells:

 Spells                   Type           Power      Damage    Failure   Level
 Call Imp                 Summ           13%        N/A       6%          2
 Call Canine Familiar     Summ           13%        N/A       12%         3
 Summon Guardian Golem    Hex/Summ       7%         N/A       28%         3
 Summon Lightning Spire   Summ/Air       7%         N/A       67%         4


Dungeon Overview and Level Annotations

Branches:
Dungeon (1/15)

Altars:


Innate Abilities, Weirdness & Mutations

Your plain brown scales are hard. (AC +4)
You cannot fit into any form of body armour.
You are cold-blooded and may be slowed by cold attacks.


Message History

Confirm with . or Enter, or press ? or * to list all spells.
Your quokka completely misses the kobold.
You swap places.
The kobold barely misses your rat.
Your rat bites the kobold but does no damage.
Your quokka disappears in a puff of smoke!
The kobold barely misses your rat.
Your rat misses the kobold.
The kobold hits your rat with a +0 short sword of protection.
Your rat dies!
Your rat's corpse disappears in a puff of smoke!
Okay, then.
Casting: Summon Small Mammal (safe; 4% risk of failure)
Confirm with . or Enter, or press ? or * to list all spells.
You swap places.
The kobold hits your rat with a +0 short sword of protection.
Your rat dies!
Your rat's corpse disappears in a puff of smoke!
A kobold comes into view.
It is wielding a +0 short sword of venom.
The kobold shouts!
Okay, then.
Casting: Summon Small Mammal (safe; 4% risk of failure)
Confirm with . or Enter, or press ? or * to list all spells.
The kobold hits you but does no damage. Magic courses through your body.
Your quokka bites the kobold but does no damage.
The kobold barely misses you.
The kobold hits you with a +0 short sword of venom.
You are lethally poisoned!
Casting: Summon Small Mammal (safe; 4% risk of failure)
Confirm with . or Enter, or press ? or * to list all spells.
You feel very sick.
Your quokka bites the kobold but does no damage.
The kobold barely misses you.
The kobold hits you with a +0 short sword of venom.
* * * LOW HITPOINT WARNING * * *
You are more poisoned.
You aren't carrying any potions.
As you read the scroll labelled XOPPYT XOO, it crumbles to dust.
It is a scroll of identify.
You don't have any unidentified items.
You die...

.## ... #.#
## #.#
#####.... #.#
#.Kr.....
###.# #@#
#...# #K#
.##.##.#.##
#r#
..........#
#.# .#
♣♣♣♣♣♣♣...##
#.# .#
P..PP..♣...#
#.# ..#
P..P...♣.#.#
#.#######..#.
.PP...P♣...#
#............
.P...PP♣...#
####.....##


You could see 2 kobolds, a friendly quokka (summoned) and a friendly rat
(summoned).

Vanquished Creatures (collateral kills)
  A ball python (D:1)
  A frilled lizard (D:1)
2 creatures vanquished.

Notes
Turn   | Place    | Note
-------+----------+-------------------------------------------
     0 | D:1      | freelancePsychic the Draconian Summoner began the quest for
                  | the Orb.
     0 | D:1      | Reached XP level 1. HP: 14/14 MP: 3/3
    77 | D:1      | Succumbed to a kobold's poison

Illustrated notes

Levels and vault maps discovered:
D:1:      scummos_arrival_checkerplants, layout_loops_ring, serial_shops,
          nicolae_shop_window_shopping, shapermc_ecumenical_altar_petra

Action                   || total
-------------------------++-------
 Cast: Summon Small Mamm ||     8
  Use: Scroll            ||     1
       Potion            ||     1
Armor: Skin              ||     2
Dodge: Dodged            ||     4

Table legend: (Time is in decaauts)
 A = Elapsed time spent in this place.
 B = Non-inter-level travel time spent in this place.
 C = Inter-level travel time spent in this place.
 D = Time resting spent in this place.
 E = Time spent auto-exploring this place.
 F = Levels seen in this place.
 G = Mean time per level.
                   A        B        C        D        E       F      G
               +--------+--------+--------+--------+--------+-----+--------+
         Total |     77 |     77 |      0 |      0 |     22 |   1 |   77.0 |
       Dungeon |     77 |     77 |      0 |      0 |     22 |   1 |   77.0 |
               +--------+--------+--------+--------+--------+-----+--------+

Top non-repeatable levels by time:
     D:1: 77 daAuts
